AoeStats
← Mad King

Arena

508876266Analyzed
1v1 RM · 6d ago on Sep 24, 2026· 39m 1s· 2 players
Game mode
Random Map
Map size
Tiny (2 player)
Population
200
Speed
Normal
Resources
Standard
Victory
Conquest
Starting age
Dark Age
Ending age
Imperial Age
RankedLock teamsTeams togetherTeam positionsShared explorationLock speedFull tech treeHidden civsTurbo modeCheats
Victory
Defeat
🇦🇹 Hindustanis · Austria
590
+18
🇧🇷 Franks · Brazil
641
-18
Mad King
13:16 Feudal Age
16:46 Castle Age
14:49 Double-Bit Axe
18:50 Pikeman
19:41 Bloodlines
24:21 Bow Saw
30:16 Imperial Age
31:17 Wheelbarrow
30:59 Forging
31:08 Scale Barding Armor
33:08 Chemistry
32:30 Ballistics
32:30 Horse Collar
32:26 Heavy Camel Rider
34:05 Grand Trunk Road
35:29 Iron Casting
35:15 Chain Barding Armor
36:38 Thumb Ring
Siegnir
5:27 Loom
11:49 Feudal Age
16:36 Double-Bit Axe
19:33 Castle Age
21:53 Pikeman
22:34 Squires
22:22 Gambesons
24:28 Bow Saw
26:45 Wheelbarrow
30:49 Imperial Age
32:36 Conscription
33:33 Halberdier
Connection lost

Rejoining the realm…

Still unreachable

The connection could not be restored.

Session expired

The server has moved on; the page needs a fresh start.